 Dungeon Crawl Stone Soup version 0.29.0-4-gdea44cf6ec (webtiles) character file.

Game seed: 17007474313599080168

42 qw the Vexing (level 3, -1/35 HPs)
             Began as an Ogre Enchanter on Sept 3, 2022.
             Slain by an orc priest
             ... wielding a +0 flail
              (5 damage)
             ... on level 2 of the Dungeon.
             The game lasted 00:01:07 (1412 turns).

qw the Vexing (Ogre Enchanter)                      Turns: 1412, Time: 00:01:08

Health: -1/35      AC:  3    Str: 14    XL:     3   Next: 56%
Magic:  6/6        EV:  9    Int: 16    God:
Gold:   63         SH:  0    Dex:  9    Spells: 6/6 levels left

rFire   . . .      SeeInvis .   Y - +1 mace
rCold   . . .      Faith    .   (no shield)
rNeg    . . .      Spirit   .   b - +0 robe
rPois   .          Reflect  .   (helmet restricted)
rElec   .          Harm     .   (no cloak)
rCorr   .          Rampage  .   (gloves unavailable)
Will    .....                   (boots unavailable)
Stlth   ++........              (no amulet)
HPRegen 0.11/turn               (no ring)
MPRegen 0.10/turn               (no ring)

@: no status effects
A: large, unfitting armour, tough skin 1
a: no special abilities


You were on level 2 of the Dungeon.
You visited 1 branch of the dungeon, and saw 2 of its levels.

You collected 63 gold pieces.


Innate Abilities, Weirdness & Mutations

You are too large for most types of armour.
You have tough skin. (AC +1)


   Skills:
 - Level 2.0 Fighting
 - Level 0.8 Short Blades
 + Level 2.5 Axes
 - Level 1.7 Dodging
 - Level 2.1 Stealth
 - Level 2.4 Spellcasting
 - Level 2.6 Hexes


You had 6 spell levels left.
You didn't know any spells.
Your spell library contained the following spells:

 Spells                   Type           Power      Damage    Failure   Level
 Ensorcelled Hibernation  Hex/Ice        12%        N/A       17%         2
 Confusing Touch          Hex            10%        N/A       21%         3
 Tukima's Dance           Hex            10%        N/A       21%         3
 Dazzling Flash           Conj/Hex       12%        N/A       34%         3

Inventory:

Hand Weapons
 Y - a +1 mace (weapon)
Armour
 b - a +0 robe (worn)
Potions
 e - a potion of curing {unknown}
 g - a potion of brilliance {unknown}
 i - a potion of berserk rage {unknown}
 j - a potion of haste {unknown}

Dungeon Overview and Level Annotations

Branches:
Dungeon (2/15)

Altars:


Message History

What level of the Dungeon? (default 1, ? - help)
You climb downwards.
The orc priest looks satisfied for a moment.
There is a stone staircase leading up here.
There are monsters nearby!
You hit the orc priest.
The orc priest is lightly wounded.
The orc priest closely misses you.
The orc priest calls upon Beogh to heal the orc priest.
The orc priest's wounds heal themselves!
The orc priest hits you with a +0 flail.
The orc priest barely misses you.
You hit the orc priest but do no damage.
The orc priest hits you with a +0 flail.
The orc priest hits you with a +1 short sword of freezing.
The orc priest freezes you.
You barely miss the orc priest. The orc priest barely misses you.
The orc priest hits you with a +1 short sword of freezing.
The orc priest freezes you.
You barely miss the orc priest.
The orc priest hits you with a +0 flail.
The orc priest hits you with a +1 short sword of freezing.
The orc priest freezes you.
The orc priest hits you with a +0 flail!
The orc priest barely misses you.
You hit the orc priest.
The orc priest is moderately wounded.
The orc priest looks braver for a moment.
The orc priest hits you with a +1 short sword of freezing.
The orc priest freezes you.
You closely miss the orc priest.
The orc priest is moderately wounded.
The orc priest closely misses you.
The orc priest hits you with a +1 short sword of freezing.
The orc priest freezes you.
You barely miss the orc priest.
The orc priest is moderately wounded.
The orc priest hits you with a +0 flail.
You die...

# #########.#.o
##.###<@o........#
.......)[o.)###.#o#
###.........###.
..................
........?......>..
..#=............#.
# #.....$....=..#
#...............
#...............


You could see 2 orc priests.

Vanquished Creatures
  A dart slug (D:1)
  3 orcs
  3 endoplasms (D:1)
  2 giant cockroaches (D:1)
  A hobgoblin (D:1)
  7 kobolds
  5 quokkas (D:1)
  4 ball pythons (D:1)
  3 bats (D:1)
  3 goblins (D:1)
  4 rats (D:1)
36 creatures vanquished.

Notes
Turn   | Place    | Note
-------+----------+-------------------------------------------
     0 | D:1      | qw the Ogre Enchanter began the quest for the Orb.
     0 | D:1      | Reached XP level 1. HP: 16/16 MP: 3/3
     0 | D:1      | 0 ||| qw: Version: 0.1-a-102-g441f92d
     0 | D:1      | 0 ||| qw: Game counter: 5073
     0 | D:1      | 0 ||| qw: Always use a shield: true
     0 | D:1      | 0 ||| qw: God list: Okawaru
     0 | D:1      | 0 ||| qw: Allow faded altars: false
     0 | D:1      | 0 ||| qw: Do Orc after D:15 true
     0 | D:1      | 0 ||| qw: Do second Lair branch before Depths: true
     0 | D:1      | 0 ||| qw: Lair rune preference: random
     0 | D:1      | 0 ||| qw: Plans: Normal
     0 | D:1      | 0 ||| PLANNING D:1-11
   122 | D:1      | 122 ||| SWAPPING to +0 club.
   123 | D:1      | 123 ||| DROPPING +1 dagger.
   127 | D:1      | 127 ||| SWAPPING to +0 mace.
   128 | D:1      | 128 ||| DROPPING +0 club.
   135 | D:1      | Reached skill level 1 in Axes
   198 | D:1      | Reached skill level 1 in Fighting
   245 | D:1      | Reached XP level 2. HP: 16/27 MP: 5/5
   385 | D:1      | 385 ||| Stepping ~*~*~tactically~*~*~ (stealth).
   429 | D:1      | 429 ||| Stepping ~*~*~tactically~*~*~ (outnumbered).
   430 | D:1      | 430 ||| Stepping ~*~*~tactically~*~*~ (outnumbered).
   431 | D:1      | 431 ||| Stepping ~*~*~tactically~*~*~ (outnumbered).
   435 | D:1      | 435 ||| Stepping ~*~*~tactically~*~*~ (outnumbered).
   437 | D:1      | 437 ||| Stepping ~*~*~tactically~*~*~ (outnumbered).
   439 | D:1      | 439 ||| Stepping ~*~*~tactically~*~*~ (outnumbered).
   440 | D:1      | 440 ||| Stepping ~*~*~tactically~*~*~ (outnumbered).
   442 | D:1      | 442 ||| Stepping ~*~*~tactically~*~*~ (outnumbered).
   601 | D:1      | 601 ||| Stepping ~*~*~tactically~*~*~ (stealth).
   604 | D:1      | 604 ||| Stepping ~*~*~tactically~*~*~ (stealth).
   606 | D:1      | 606 ||| Stepping ~*~*~tactically~*~*~ (stealth).
   607 | D:1      | 607 ||| Stepping ~*~*~tactically~*~*~ (stealth).
   610 | D:1      | 610 ||| Stepping ~*~*~tactically~*~*~ (stealth).
   611 | D:1      | 611 ||| Stepping ~*~*~tactically~*~*~ (stealth).
   612 | D:1      | 612 ||| Stepping ~*~*~tactically~*~*~ (stealth).
   633 | D:1      | 633 ||| Stepping ~*~*~tactically~*~*~ (stealth).
   712 | D:1      | 712 ||| Stepping ~*~*~tactically~*~*~ (stealth).
   713 | D:1      | 713 ||| Stepping ~*~*~tactically~*~*~ (stealth).
   715 | D:1      | 715 ||| Stepping ~*~*~tactically~*~*~ (stealth).
   717 | D:1      | 717 ||| Stepping ~*~*~tactically~*~*~ (stealth).
   756 | D:1      | 756 ||| Stepping ~*~*~tactically~*~*~ (stealth).
   759 | D:1      | Reached XP level 3. HP: 31/35 MP: 6/6
  1135 | D:1      | 1135 ||| DROPPING scarf of harm.
  1136 | D:1      | 1136 ||| READING scroll labelled DENITHO OQOH.
  1137 | D:1      | 1137 ||| READING scroll labelled VOOTSU TEGHUBREDU.
  1138 | D:1      | 1138 ||| DROPPING 2 potions of invisibility.
  1163 | D:2      | 1163 ||| STAIRDANCE
  1221 | D:2      | 1221 ||| Stepping ~*~*~tactically~*~*~ (stealth).
  1222 | D:2      | 1222 ||| Stepping ~*~*~tactically~*~*~ (stealth).
  1225 | D:2      | 1225 ||| Stepping ~*~*~tactically~*~*~ (stealth).
  1226 | D:2      | 1226 ||| Stepping ~*~*~tactically~*~*~ (stealth).
  1228 | D:2      | 1228 ||| Stepping ~*~*~tactically~*~*~ (stealth).
  1233 | D:2      | 1233 ||| Stepping ~*~*~tactically~*~*~ (outnumbered).
  1234 | D:2      | 1234 ||| Stepping ~*~*~tactically~*~*~ (outnumbered).
  1236 | D:2      | 1236 ||| Stepping ~*~*~tactically~*~*~ (outnumbered).
  1237 | D:2      | 1237 ||| STAIRDANCE
  1410 | D:2      | HP: 8/35 [orc priest/+1 short sword of freezing (3)]
  1412 | D:2      | Slain by an orc priest

Levels and vault maps discovered:
D:1:      scummos_arrival_forest, layout_rooms, minmay_pentomino_z2
D:2:      layout_basic, ebering_ecumenical_altar_webs, uniq_terence

Skill      XL: |  1  2  3 |
---------------+----------+-----
Axes           | 1 2 |  2.5
Fighting       | 1 2 |  2.0
Short Blades   | |  0.8
Dodging        | |  1.7
Stealth        | |  2.1
Spellcasting   | |  2.4
Hexes          | |  2.6

Action                   || total
-------------------------++-------
Melee: Dagger            ||    25
       Mace              ||    91
  Use: Scroll            ||     2
 Stab: Sleeping          ||     2
Armor: Robe              ||    52
Dodge: Dodged            ||    61

Table legend:
 A = Non-vault XP
 B = Vault XP
 C = Vault XP percentage of total XP
 D = Non-vault monster count
 E = Vault monster count
 F = Vault count percentage of total count
                 A         B        C        D         E       F
            +---------+---------+-------+---------+---------+-------
      Total |      59 |       2 |   3.3 |      34 |       2 |   5.6
            +---------+---------+-------+---------+---------+-------
        D:1 |      50 |       2 |   3.8 |      30 |       2 |   6.2
        D:2 |       9 |       0 |   0.0 |       4 |       0 |   0.0
            +---------+---------+-------+---------+---------+-------
